Map: Flashback EE

Players

Roy - Winner!

  • Race: Protoss Protoss
  • Spawn Location: 7:00

Alessandro - Winner!

  • Race: Protoss Protoss
  • Spawn Location: 7:00

alexmilt - Winner!

  • Race: Terran Terran
  • Spawn Location: 7:00

MrFercho

  • Race: Zerg Zerg
  • League: Silver
  • Spawn Location: 11:00

tigro

  • Race: Terran Terran
  • League: Bronze
  • Spawn Location: 9:00

TATORREA

  • Race: Protoss Protoss
  • League: Gold
  • Spawn Location: 11:00

VOD

Have the link to the VOD?

Description

Time

  • Played on: July 18, 2020, 9:38 p.m.
  • Length: 16:42
Show
View Real Time Build Order
Export as new Build Order

Roy Protoss - Winner!

Build Orders:  

Get SALT Encoding   

  12  0:02  Probe  
  13  0:17  Pylon  
  13  0:19  Probe  
  14  0:36  Gateway  
  14  0:40  Probe  
  15  0:57  Assimilator  
  15  1:01  Pylon  
  15  1:06  Probe  
  16  1:18  Probe  
  17  1:30  Probe  
  18  1:34  Zealot  
  20  1:42  Probe  
  21  1:54  Probe, Zealot  
  24  2:05  Nexus  
  24  2:17  Cybernetics Core  
  24  2:20  Probe  
  24  2:21  Zealot  
  27  2:32  Probe  
  27  2:34  Pylon  
  28  3:03  Stalker  
  30  3:10  Probe  
  31  3:18  Probe  
  32  3:22  Probe  
  32  3:25  Robotics Facility  
  33  3:30  Probe  
  33  3:33  Stalker  
  36  3:34  Probe  
  36  3:40  Assimilator  
  37  3:42  Probe  
  37  3:46  Probe  
  39  3:54  Probe  
  40  3:58  Probe  
  40  4:01  Warp Gate, Pylon  
  41  4:06  Pylon, Probe  
  42  4:10  Probe  
  42  4:11  Pylon  
  43  4:18  Probe  
  43  4:19  Immortal, Assimilator  
  43  4:23  Probe  
  49  4:30  Probe  
  50  4:35  Assimilator, Probe  
  51  4:42  Probe  
  54  4:46  Sentry  
  54  4:47  Probe  
  55  4:55  Probe  
  55  4:56  Gateway  
  55  4:58  Gateway  
  55  4:59  Probe  
  57  5:07  Probe  
  58  5:11  Probe  
  59  5:16  Stargate  
  59  5:19  Probe  
  60  5:27  Probe  
  61  5:31  Probe  
  61  5:33  Sentry  
  59  5:39  Probe  
  56  5:43  Probe  
  57  5:51  Probe  
  57  5:55  Probe  
  59  6:03  Probe  
  60  6:07  Probe  
  60  6:08  Pylon  
  61  6:12  Pylon  
  61  6:15  Probe  
  61  6:16  Pylon  
  62  6:29  Void Ray  
  62  6:30  Stargate  
  66  6:36  Zealot x3  
  72  6:51  Forge  
  72  7:12  Void Ray  
  76  7:22  Pylon  
  76  7:29  Photon Cannon  
  76  7:33  Photon Cannon  
  76  7:35  Photon Cannon  
  76  7:41  Photon Cannon  
  76  7:46  Void Ray  
  76  7:50  Immortal  
  84  7:59  Void Ray  
  84  8:03  Stalker x3  
  94  8:13  Nexus  
  94  8:17  Pylon  
  94  8:20  Pylon  
  94  8:23  Pylon  
  81  8:45  Pylon  
  81  8:50  Pylon  
  81  9:34  Void Ray x2  
  81  9:37  Stalker x3  
  95  9:40  Immortal  
  99  9:50  Photon Cannon  
  99  9:54  Photon Cannon  
  99  9:58  Photon Cannon  
  89  10:56  Fleet Beacon  
  89  11:00  Pylon  
  89  11:03  Pylon, Probe  
  90  11:15  Probe  
  91  11:22  Pylon  
  91  11:28  Probe  
  91  11:31  Stargate  
  92  11:35  Stargate  
  92  11:40  Probe  
  93  11:52  Probe  
  80  12:19  Protoss Air Weapons Level 1  
  80  12:23  Tempest x2  
  80  12:24  Tempest x2  
  94  13:06  Carrier  
  94  13:07  Carrier x3  
  118  13:17  Sentry  
  118  13:19  Sentry  
  122  13:20  Sentry  
  124  13:34  Pylon  
  124  13:39  Photon Cannon  
  124  13:42  Photon Cannon  
  124  13:45  Photon Cannon  
  124  14:10  Void Ray x2  
  132  14:28  Protoss Air Armor Level 1  
Show
View Real Time Build Order
Export as new Build Order

Alessandro Protoss - Winner!

Build Orders: Forge Fast Expand (FFE) 

Get SALT Encoding   

  1  0:00  Probe  
  12  0:06  Probe  
  14  0:27  Pylon, Probe  
  15  0:45  Probe  
  15  0:47  Forge  
  16  0:57  Probe  
  17  1:12  Pylon  
  17  1:29  Nexus  
  17  1:41  Assimilator  
  17  1:47  Photon Cannon  
  17  1:48  Probe  
  18  1:59  Assimilator  
  18  2:09  Photon Cannon, Probe  
  19  2:17  Probe  
  20  2:27  Probe  
  21  2:38  Probe  
  21  2:39  Probe  
  23  2:46  Probe  
  24  2:55  Probe  
  24  2:56  Probe  
  26  3:06  Gateway, Probe  
  26  3:08  Probe  
  28  3:14  Probe  
  29  3:20  Probe  
  29  3:22  Probe  
  31  3:32  Probe  
  32  3:36  Pylon  
  32  3:43  Probe  
  32  3:48  Nexus  
  33  3:51  Probe  
  34  3:56  Probe  
  34  3:59  Probe  
  35  4:02  Assimilator  
  35  4:04  Assimilator  
  35  4:09  Probe  
  37  4:10  Probe  
  37  4:15  Cybernetics Core  
  37  4:17  Probe  
  38  4:23  Probe  
  40  4:25  Probe  
  41  4:35  Probe x2  
  43  4:40  Pylon  
  43  4:43  Pylon  
  43  4:47  Probe  
  43  4:51  Pylon  
  44  4:54  Pylon  
  44  4:57  Probe  
  44  4:58  Assimilator  
  44  4:59  Stargate  
  45  5:03  Stargate  
  45  5:05  Probe  
  45  5:09  Probe  
  45  5:13  Probe  
  47  5:16  Probe  
  47  5:21  Probe  
  50  5:24  Probe  
  50  5:25  Probe  
  52  5:30  Stargate  
  52  5:33  Probe  
  52  5:34  Probe  
  53  5:37  Probe  
  53  5:40  Protoss Air Weapons Level 1  
  55  5:42  Void Ray  
  55  5:45  Probe  
  55  5:46  Void Ray, Probe  
  65  5:58  Probe  
  66  6:10  Probe, Nexus  
  67  6:15  Fleet Beacon  
  67  6:18  Void Ray, Pylon  
  67  6:20  Probe  
  67  6:22  Probe  
  73  6:28  Probe  
  73  6:30  Probe  
  73  6:31  Pylon  
  74  6:38  Assimilator, Probe x2  
  75  6:42  Void Ray  
  75  6:44  Void Ray  
  85  6:48  Probe x2  
  85  6:54  Cybernetics Core  
  87  6:56  Probe  
  88  7:04  Probe  
  88  7:05  Probe  
  88  7:13  Probe  
  90  7:16  Tempest, Probe  
  90  7:22  Stargate  
  97  7:23  Probe  
  97  7:26  Pylon  
  97  7:28  Probe  
  99  7:30  Pylon  
  99  7:35  Probe  
  99  7:36  Carrier  
  106  7:38  Tempest  
  106  7:43  Probe  
  111  7:46  Protoss Air Armor Level 1  
  112  7:51  Probe  
  112  7:54  Assimilator  
  113  7:59  Tempest, Assimilator  
  113  8:01  Probe  
  113  8:02  Stargate  
  119  8:10  Probe  
  119  8:13  Probe  
  119  8:18  Probe  
  121  8:21  Tempest  
  121  8:25  Probe  
  121  8:26  Tempest  
  133  8:27  Probe  
  134  8:39  Tempest, Probe  
  140  8:41  Tempest  
  145  8:51  Probe  
  146  9:18  Pylon  
  146  9:20  Pylon  
  146  9:22  Pylon  
  146  9:25  Pylon  
  146  9:36  Tempest x2  
  146  9:38  Tempest, Probe  
  161  9:40  Tempest x2  
  172  9:46  Protoss Air Weapons Level 2  
  172  9:47  Probe  
  173  9:56  Probe  
  174  10:05  Nexus  
  174  10:08  Probe  
  175  10:20  Probe  
  146  10:40  Tempest x2, Carrier  
  146  10:41  Tempest x2  
  141  10:51  Probe  
  141  10:56  Probe  
  142  11:00  Probe  
  142  11:04  Probe  
  144  11:09  Probe  
  145  11:14  Probe  
  147  11:18  Stargate  
  147  11:21  Probe  
  147  11:23  Tempest x3  
  147  11:24  Carrier  
  169  11:26  Probe  
  169  11:28  Pylon  
  170  11:33  Probe  
  170  11:38  Assimilator, Probe  
  172  11:42  Assimilator  
  172  11:44  Tempest  
  167  12:06  Carrier  
  163  12:21  Tempest x2  
  163  12:22  Tempest  
  178  12:27  Tempest, Pylon  
  178  12:28  Tempest  
  188  12:30  Pylon  
  170  13:04  Tempest x2  
  179  13:09  Tempest  
  171  13:13  Tempest  
  171  13:16  Tempest  
  171  13:19  Pylon  
  172  13:33  Nexus  
  172  13:48  Pylon  
  172  13:55  Nexus  
  172  14:10  Pylon  
  171  14:22  Protoss Air Armor Level 2  
  171  14:28  Carrier  
  177  14:42  Tempest x2  
  181  14:47  Tempest  
  181  14:54  Tempest  
  144  15:24  Tempest, Probe  
  144  15:25  Tempest x2  
  150  15:29  Probe  
  150  15:30  Tempest  
  150  15:32  Tempest  
  150  15:33  Probe  
  161  15:37  Tempest, Assimilator, Probe  
  161  15:41  Probe  
  168  15:47  Probe  
  168  15:49  Probe  
  171  15:59  Probe  
  171  16:01  Probe  
  173  16:11  Probe, Nexus  
  188  16:13  Probe  
  190  16:19  Assimilator  
  190  16:25  Assimilator  
  190  16:32  Nexus  
Show
View Real Time Build Order
Export as new Build Order

alexmilt Terran - Winner!

Build Orders:  

Get SALT Encoding   

  12  0:21  Supply Depot  
  12  0:32  Refinery  
  12  0:41  SCV  
  13  0:50  Barracks  
  13  1:05  SCV  
  14  1:49  Command Center  
  14  1:50  Supply Depot  
  14  1:57  Marine  
  15  2:10  SCV  
  15  2:14  Marine  
  17  2:16  Refinery  
  18  2:22  SCV  
  18  3:34  Factory  
  18  3:38  SCV  
  19  3:44  Refinery  
  19  3:49  SCV  
  19  3:50  SCV  
  21  4:01  SCV  
  21  4:02  SCV  
  23  4:14  SCV, Orbital Command  
  24  4:22  Factory, Factory Tech Lab  
  24  4:26  SCV  
  25  4:37  Refinery  
  25  4:38  SCV  
  25  4:44  Siege Tank  
  29  5:07  SCV  
  29  5:14  Supply Depot  
  30  5:16  Siege Tank  
  30  5:17  Factory Tech Lab  
  30  5:19  SCV  
  34  5:36  Supply Depot  
  34  5:42  Cyclone  
  37  5:48  Siege Tank  
  40  5:56  Marine  
  41  6:06  Engineering Bay  
  41  6:12  Orbital Command  
  41  6:14  Marine, Cyclone  
  45  6:32  Marine  
  46  6:42  Starport  
  46  6:50  Marine  
  47  7:00  SCV  
  48  7:04  SCV  
  48  7:08  Marine  
  50  7:10  Cyclone  
  50  7:12  SCV  
  50  7:13  Siege Tank  
  57  7:20  Armory  
  57  7:26  SCV  
  57  7:27  Starport Tech Lab  
  58  7:40  Supply Depot  
  58  7:42  Cyclone  
  61  8:01  Siege Tank  
  61  8:03  Supply Depot  
  64  8:06  Marine  
  64  8:08  Fusion Core  
  65  8:24  Marine  
  65  8:26  Supply Depot  
  66  8:33  Siege Tank  
  69  8:42  Marine  
  64  8:57  Starport  
  64  9:00  Marine  
  51  9:28  Battlecruiser  
  57  9:33  Siege Tank  
  60  9:55  Refinery  
  60  10:05  Siege Tank  
  49  10:29  Starport Tech Lab  
  49  10:32  Battlecruiser  
  55  10:37  Siege Tank  
  58  11:27  Command Center  
  58  11:45  Battlecruiser  
  64  12:10  Starport  
  64  12:44  SCV  
  64  12:49  Battlecruiser  
  64  12:50  Supply Depot  
  71  12:53  Starport Tech Lab  
  71  12:56  SCV  
  72  13:06  Siege Tank  
  72  13:08  SCV  
  76  13:13  Supply Depot  
  76  13:20  SCV  
  76  13:25  Refinery  
  77  13:33  SCV  
  78  13:35  Supply Depot  
  78  13:38  Siege Tank  
  81  13:42  Battlecruiser  
  78  14:47  Battlecruiser  
  78  14:49  Battlecruiser  
Show
View Real Time Build Order
Export as new Build Order

MrFercho Zerg 

Build Orders: Hatch First 

Get SALT Encoding   

  12  0:01  Drone  
  13  0:28  Overlord  
  13  0:29  Drone  
  14  0:46  Drone x2  
  16  0:57  Drone  
  17  1:06  Drone  
  17  1:08  Hatchery  
  17  1:12  Drone  
  17  1:14  Extractor  
  17  1:20  Spawning Pool  
  17  1:25  Drone  
  17  1:34  Drone  
  18  1:43  Drone  
  19  1:57  Overlord  
  19  2:05  Drone  
  20  2:17  Drone  
  21  2:30  Drone x2  
  21  2:32  Queen x2  
  21  2:34  Overlord  
  21  2:36  Metabolic Boost  
  27  2:38  Drone  
  27  2:41  Drone  
  29  2:47  Drone  
  30  2:56  Drone  
  30  2:58  Drone  
  32  3:03  Drone  
  32  3:04  Hatchery  
  32  3:13  Drone  
  32  3:14  Baneling Nest  
  32  3:15  Drone  
  33  3:20  Lair  
  33  3:21  Drone  
  33  3:25  Drone  
  35  3:28  Queen  
  35  3:31  Drone  
  38  3:39  Drone  
  39  3:43  Drone x4  
  43  3:51  Drone  
  43  3:52  Overlord x3  
  44  4:18  Centrifical Hooks  
  44  4:20  Evolution Chamber  
  44  4:21  Drone  
  44  4:22  Drone x6  
  50  4:30  Overlord  
  50  4:39  Zergling x14  
  57  4:53  Drone x4  
  61  5:14  Nydus Network  
  61  5:16  Drone  
  61  5:18  Zergling x14  
  61  5:19  Zergling x2  
  61  5:20  Overlord  
  69  5:24  Queen x2  
  69  5:25  Queen  
  75  5:41  Zergling x14  
  82  5:48  Zerg Melee Weapons Level 1  
  82  5:50  Zergling x8  
  86  5:58  Zergling x6  
  89  6:08  Drone  
  90  6:11  Overlord x3  
  90  6:12  Overlord x2  
  90  6:26  Extractor  
  90  6:27  Extractor, Queen  
  90  6:29  Queen x2  
  95  6:32  Zergling x2  
  95  6:33  Zergling x8  
  99  6:41  Baneling  
  99  6:42  Baneling x5  
  99  6:48  Zergling x12  
  105  6:57  Zergling x10, Hatchery  
  105  7:00  Hatchery  
  108  7:03  Queen  
  108  7:05  Queen x2  
  114  7:18  Zergling x2  
  114  7:19  Zergling x12  
  114  7:20  Overlord  
  121  7:30  Zergling x14  
  128  7:43  Hydralisk Den  
  127  7:52  Zergling x10  
  127  7:53  Zergling x12  
  127  7:54  Overlord x2  
  138  8:00  Spore Crawler  
  137  8:07  Spore Crawler  
  136  8:16  Nydus Canal  
  136  8:24  Zergling x24  
  136  8:25  Zergling x4  
  116  9:10  Nydus Canal  
  114  9:21  Hydralisk x3  
  120  9:39  Nydus Canal  
  120  9:52  Extractor  
  119  9:54  Extractor  
  85  10:23  Zergling x28  
  85  10:24  Zergling x42  
  85  10:52  Zergling x24  
  85  10:55  Muscular Augments  
  97  11:22  Drone  
  97  11:23  Drone x3  
  101  11:30  Hydralisk  
  101  11:31  Hydralisk x5  
  113  11:34  Zergling x2  
  113  11:35  Zergling x6  
  113  11:39  Baneling  
  117  11:40  Baneling x3  
  117  12:00  Infestation Pit  
  116  12:03  Lurker Den  
  116  12:06  Grooved Spines  
  115  12:21  Zergling x12  
  115  12:22  Zergling x28  
  135  12:26  Queen  
  135  12:29  Queen x3  
  141  12:30  Queen  
  141  12:33  Zergling x12  
  151  12:40  Hydralisk x3  
  151  12:41  Hydralisk x2  
  151  13:08  Hydralisk x9  
  151  13:09  Hydralisk  
  151  13:11  Overlord x3  
  151  13:12  Overlord x3  
  133  13:47  Extractor  
  112  13:49  Extractor  
  112  13:52  Hydralisk x15  
  112  13:53  Hydralisk  
  135  14:40  Spore Crawler x2  
  135  14:41  Spore Crawler  
  135  14:42  Hydralisk  
  135  14:43  Hydralisk x11, Spore Crawler x3  
  153  14:55  Hatchery  
  86  15:34  Hydralisk  
  86  15:35  Hydralisk x8  
  54  16:13  Hydralisk  
Show
View Real Time Build Order
Export as new Build Order

tigro Terran 

Build Orders:  

Get SALT Encoding   

  12  0:03  SCV  
  13  0:15  SCV  
  14  0:27  SCV  
  15  0:31  Refinery  
  15  0:32  Supply Depot  
  15  0:54  SCV  
  15  0:55  Supply Depot  
  16  1:00  Barracks  
  16  1:06  SCV  
  17  1:14  Refinery  
  17  1:18  SCV  
  18  1:30  SCV  
  19  1:42  SCV  
  20  1:49  Marine, Engineering Bay  
  21  1:54  SCV  
  22  2:06  SCV  
  22  2:07  Marine  
  24  2:14  Factory  
  24  2:25  Marine  
  24  2:29  SCV  
  26  2:41  SCV  
  26  2:43  Barracks, Marine  
  28  2:51  Terran Infantry Weapons Level 1  
  28  3:01  Marine, Orbital Command  
  28  3:04  Factory Tech Lab  
  29  3:33  Siege Tank  
  32  3:41  Barracks Reactor  
  32  3:49  Command Center  
  32  4:02  Barracks Tech Lab  
  32  4:11  Starport  
  32  4:46  Terran Infantry Armor Level 1  
  32  4:49  Starport  
  32  4:55  Medivac  
  34  5:09  SCV, Refinery  
  35  5:21  SCV  
  36  5:33  SCV  
  36  5:34  Starport Tech Lab x2  
  37  5:45  SCV  
  37  5:48  Missile Turret  
  38  5:57  SCV  
  39  6:08  Missile Turret  
  39  6:21  Armory  
  39  6:28  Missile Turret  
  39  6:38  SCV  
  40  6:45  Refinery  
  40  6:48  Missile Turret  
  40  6:50  SCV  
  41  7:02  SCV  
  41  7:06  Marine x3  
  45  7:09  Missile Turret  
  45  7:11  Fusion Core  
  45  7:14  SCV  
  46  7:17  Supply Depot  
  46  7:24  Marine x3  
  46  7:25  Hi-Sec Auto Tracking  
  46  7:27  SCV  
  50  7:30  Missile Turret  
  50  7:37  Siege Tank  
  50  7:39  Supply Depot, SCV  
  50  7:41  Marine  
  50  7:42  Marine x2  
  57  7:52  Missile Turret  
  57  7:59  Marine x3  
  57  8:02  Supply Depot  
  60  8:17  Marine  
  61  8:22  Neosteel Armor, Missile Turret  
  61  8:38  Missile Turret  
  61  8:42  SCV  
  62  8:54  SCV  
  63  8:59  Missile Turret  
  63  9:07  SCV  
  64  9:10  Marine x3  
  64  9:15  Battlecruiser  
  73  9:19  SCV  
  73  9:20  Missile Turret  
  74  9:28  Marine x3  
  74  9:31  SCV  
  78  9:34  Battlecruiser  
  84  9:40  Missile Turret  
  84  9:45  Marine  
  84  9:46  Marine x2  
  87  10:01  Missile Turret  
  87  10:02  Terran Infantry Weapons Level 2  
  87  10:03  Marine x2  
  87  10:04  Marine  
  90  10:25  Missile Turret  
  86  10:33  Marine  
  70  10:38  Medivac  
  66  10:59  Command Center  
  66  11:03  Battlecruiser  
  63  11:13  Battlecruiser  
  69  11:35  Command Center  
  69  12:11  Battlecruiser  
  69  12:13  Refinery  
  69  12:14  Missile Turret  
  75  12:18  Battlecruiser  
  81  12:27  SCV  
  82  12:34  Missile Turret  
  82  12:39  SCV  
  83  12:45  Weapon Refit  
  83  12:49  Terran Vehicle And Ship Armor Level 1  
  83  12:51  SCV  
  83  12:54  Missile Turret  
  110  12:58  Orbital Command  
  84  13:03  SCV  
  85  13:08  Supply Depot  
  85  13:14  Missile Turret  
  85  13:15  Battlecruiser, SCV  
  85  13:18  Refinery  
  92  13:32  Supply Depot, Terran Infantry Armor Level 2  
  91  14:25  Rapid Reignition System  
  50  14:46  Battlecruiser x2  
  62  15:11  SCV  
  60  15:23  SCV  
  61  15:35  SCV  
  62  15:40  Marine x3  
  62  15:44  Thor  
  62  15:47  SCV  
  44  15:57  Marine  
  44  15:58  Marine x2  
  44  15:59  SCV  
  32  16:15  Marine  
  32  16:16  Marine x2  
Show
View Real Time Build Order
Export as new Build Order

TATORREA Protoss 

Build Orders: Carriers 

Get SALT Encoding   

  12  0:02  Probe  
  13  0:14  Probe  
  14  0:32  Probe  
  15  0:38  Pylon  
  15  0:56  Probe  
  16  1:04  Probe  
  17  1:11  Gateway  
  17  1:12  Probe  
  18  1:22  Probe  
  19  1:28  Assimilator  
  18  1:33  Pylon  
  18  1:34  Probe  
  19  1:47  Probe  
  20  1:50  Nexus  
  20  2:03  Assimilator  
  20  2:04  Probe  
  21  2:10  Cybernetics Core  
  21  2:16  Probe  
  22  2:28  Probe  
  23  2:40  Probe  
  24  2:52  Probe, Stargate  
  24  2:57  Warp Gate  
  25  3:03  Probe  
  25  3:04  Probe  
  27  3:11  Probe  
  27  3:13  Probe  
  27  3:14  Pylon  
  27  3:16  Pylon  
  27  3:19  Pylon, Probe  
  29  3:21  Probe  
  29  3:24  Gateway  
  31  3:30  Probe  
  31  3:31  Probe  
  31  3:33  Assimilator  
  33  3:37  Assimilator  
  33  3:42  Probe  
  33  3:43  Probe  
  35  3:54  Fleet Beacon, Probe  
  35  3:55  Probe  
  37  4:06  Probe  
  37  4:07  Probe  
  39  4:10  Oracle  
  42  4:18  Probe  
  42  4:19  Probe  
  44  4:41  Probe x2  
  46  4:48  Pylon  
  46  4:50  Pylon  
  46  4:51  Nexus  
  46  4:53  Tempest, Probe x2  
  46  4:55  Protoss Air Weapons Level 1  
  53  5:05  Probe x2  
  55  5:22  Probe x2  
  57  5:34  Probe x2  
  59  5:36  Carrier  
  65  5:54  Probe x2  
  67  6:05  Assimilator  
  67  6:06  Probe x3  
  67  6:07  Assimilator  
  70  6:18  Probe x2, Stargate  
  71  6:19  Probe, Stargate  
  71  6:21  Cybernetics Core  
  73  6:27  Anion Pulse-Crystals  
  73  6:30  Probe  
  73  6:31  Probe x2  
  76  6:40  Tempest  
  76  6:42  Probe  
  76  6:43  Probe x2  
  84  6:53  Protoss Air Armor Level 1  
  84  6:54  Probe  
  85  7:15  Probe x3  
  88  7:20  Nexus  
  88  7:22  Pylon  
  88  7:24  Pylon  
  88  7:25  Pylon, Nexus  
  88  7:26  Pylon  
  88  7:27  Carrier x2  
  88  7:28  Pylon  
  100  7:31  Protoss Air Weapons Level 2, Pylon  
  100  7:40  Tempest  
  105  8:04  Assimilator  
  105  8:09  Assimilator  
  105  8:15  Assimilator  
  105  8:20  Assimilator  
  105  8:23  Carrier  
  111  8:29  Probe x2  
  111  8:30  Probe  
  111  8:31  Tempest  
  111  8:32  Carrier  
  125  9:14  Carrier  
  131  9:18  Protoss Air Armor Level 2  
  131  9:27  Tempest  
  136  9:36  Carrier  
  142  9:50  Protoss Air Weapons Level 3  
  142  10:09  Carrier  
  145  10:18  Tempest  
  150  10:30  Carrier  
  138  10:51  Carrier  
  144  11:04  Tempest  
  149  11:30  Carrier  
  155  11:46  Tempest, Carrier  
  116  12:20  Tempest  
  106  12:23  Carrier  
  117  12:39  Pylon  
  117  12:40  Gateway  
  117  12:43  Gateway x2  
  117  12:44  Tempest  
  117  12:45  Gateway  
  122  12:52  Gateway  
  122  12:53  Carrier  
  122  13:00  Gateway  
  122  13:02  Gateway  
  122  13:04  Protoss Air Armor Level 3  
  128  13:05  Gateway  
  128  13:06  Gateway  
  128  13:11  Gateway  
  128  13:12  Gateway x2, Pylon  
  128  13:14  Gateway, Carrier  
  128  13:15  Gateway  
  128  13:16  Gateway  
  128  13:18  Gateway, Pylon  
  128  13:20  Pylon  
  128  13:21  Tempest  
  128  13:33  Pylon  
  139  13:37  Pylon  
  139  13:41  Carrier, Pylon  
  139  13:54  Tempest  
  139  13:57  Forge  
  139  13:58  Unknown  
  139  13:59  Forge  
  139  14:00  Forge  
  145  14:05  Twilight Council  
  145  14:07  Carrier  
  156  14:28  Tempest  
  161  14:41  Carrier  
  115  15:09  Tempest  
  115  15:11  Phoenix  
  115  15:14  Stalker x4  
  111  15:15  Stalker x4  
  111  15:16  Stalker x2  
  111  15:17  Stalker x2  
  111  15:18  Stalker x3  
  111  15:19  Stalker x3  
  127  15:31  Phoenix  
  121  15:37  Templar Archives  
  121  15:38  Phoenix  
  121  15:43  Phoenix  
  121  15:48  Phoenix  
  121  15:54  Phoenix  
  123  16:01  Phoenix  
  119  16:08  Phoenix  
Tags
 
Add a new tag
Caveats
  • Supply blocks, unpowered buildings, or Contaminate may cause inaccurate times.
  • Supply counts are checked every 10 seconds.